AoeStats
← Morrig4n4692

Arabian Desert

510104515Analyzed
1v1 RM · 3d ago on Sep 29, 2026· 27m 28s· 2 players
Game mode
Random Map
Map size
Tiny (2 player)
Population
200
Speed
Normal
Resources
Standard
Victory
Conquest
Starting age
Dark Age
Ending age
Imperial Age
RankedLock teamsTeams togetherTeam positionsShared explorationLock speedFull tech treeHidden civsTurbo modeCheats
Victory
Defeat
🇺🇸 Khmer · United States
1194
+20
🇨🇭 Varangians · Switzerland
1163
-15
LM | TornardoBriese
6:15 Loom
9:12 Feudal Age
9:13 Man-at-Arms
16:59 Bloodlines
18:03 Wheelbarrow
18:00 Double-Bit Axe
17:56 Horse Collar
23:00 Castle Age
21:55 Scale Barding Armor
22:36 Forging
23:13 Light Cavalry
24:15 Chain Barding Armor
26:11 Bow Saw
Morrig4n4692
3:57 Loom
10:11 Feudal Age
11:03 Double-Bit Axe
18:55 Castle Age
19:40 Fletching
20:40 Bodkin Arrow
21:31 Padded Archer Armor
23:14 Bow Saw
25:40 Leather Archer Armor
25:42 Bloodlines
Connection lost

Rejoining the realm…

Still unreachable

The connection could not be restored.

Session expired

The server has moved on; the page needs a fresh start.